 Dungeon Crawl Stone Soup version 0.19-a0-1933-g052ff51 (webtiles) character file.

148 GsBirdie the Sneak (level 5, 0/24 HPs)
             Began as a Spriggan Enchanter on Oct 26, 2016.
             Killed from afar by a white imp (10 damage)
             ... with a puff of frost
             ... summoned by Natasha
             ... on level 2 of the Dungeon.
             The game lasted 00:19:44 (4453 turns).

GsBirdie the Sneak (Spriggan Enchanter)             Turns: 4453, Time: 00:19:45

Health: 0/24       AC:  6    Str:  5    XL:     5   Next: 8%
Magic:  0/10       EV: 18    Int: 16    God:
Gold:   108        SH:  0    Dex: 17    Spells: 3 memorised, 3 levels left

rFire  . . .     SeeInvis +     a - +1 dagger
rCold  . . .     Gourm    .     b - +1 robe
rNeg   . . .     Faith    .     (shield restricted)
rPois  .         Spirit   .     (helmet restricted)
rElec  .         Reflect  .     k - +2 cloak
rCorr  .         Harm     .     (gloves unavailable)
MR     .....                    (boots unavailable)
Stlth  +++.......               (no amulet)
                                (no ring)
                                (no ring)

@: very quick
A: unfitting armour, see invisible, herbivore 3, speed 3, slow metabolism 2
a: no special abilities


You were on level 2 of the Dungeon.
You were hungry.

You visited 1 branch of the dungeon, and saw 3 of its levels.

You collected 108 gold pieces.

Inventory:

Hand Weapons
 a - a +1 dagger (weapon)
Armour
 b - a +1 robe (worn)
 k - a +2 cloak (worn)
Scrolls
 e - a scroll of noise {unknown}
 f - a scroll of fear {unknown}
 h - a scroll of identify {unknown}
Potions
 g - 2 potions of curing {unknown}
 i - a potion of might {unknown}
 j - a potion of agility {unknown}
 l - a potion of heal wounds {unknown}
 n - a potion of invisibility {unknown}
 o - a potion of brilliance {unknown}
Books
 c - a book of Maledictions

   Spells                             Type                      Level
   a - Corona                         Hexes                        1
   b - Ensorcelled Hibernation        Hexes/Ice                    2
   c - Confuse                        Hexes                        3
   d - Tukima's Dance                 Hexes                        3
   e - Dazzling Spray                 Conjuration/Hexes            3
Comestibles
 d - 2 bread rations
 m - a slice of pizza


   Skills:
 + Level 3.2 Short Blades
 - Level 3.0 Dodging
 - Level 4.4 Stealth
 - Level 2.6 Spellcasting
 + Level 4.4 Hexes
 * Level 2.5 Ice Magic


You had 3 spell levels left.
You knew the following spells:

 Your Spells              Type           Power        Failure   Level  Hunger
a - Corona                Hex            ###....      3%          1    #......
b - Ensorcelled Hibernat  Hex/Ice        ##....       10%         2    ##.....
c - Confuse               Hex            ###.....     12%         3    ###....


Dungeon Overview and Level Annotations

Branches:
Dungeon (3/15)

Altars:
Trog

Annotations:
D:1 Robin
D:2 Natasha
D:3 GsBirdie's ghost, amateur SpEn


Innate Abilities, Weirdness & Mutations

You are very small and have problems with some larger weapons.
You are too small for most types of armour.
You have supernaturally acute eyesight. (SInv)
You are a herbivore.
You cover ground extremely quickly.
You need consume almost no food.


Message History

Casting: Corona
Confirm with . or Enter, or press ? or * to list all spells.
Aiming: Ensorcelled Hibernation
Press: ? - help, Shift-Dir - straight line The white imp is unaffected.
You are feeling hungry.
The bat misses you. The white imp closely misses you.
You closely miss the white imp.
The white imp is severely wounded.
The bat barely misses you. The bat misses you.
The white imp completely misses you.
You barely miss the white imp.
The white imp is severely wounded.
The bat barely misses you.
You hit the white imp.
The white imp is almost dead.
The bat hits you but does no damage. The white imp gestures at you.
The puff of frost hits you!
You die...

...................[..######
......####.....###.#.......#
.......<.......# #.........#
...............#####.......#
.....(###..................#
.....># ####..###..........#
####.## ##.bh..##.......# ...#.#
#...5###.......# ....K#
#.##@.##.......#### #.#..#
#.#####.#.........# ..h.### #.#
#..#........# ......#######.##
#...#..###### ..#.#.##.......#
#....########## .........###...#
#....##........
##...###......#####...#..#..%...#
...#.# ##..###....#..#..†.#....#.
####.# ##..###.)..#.#......#..#..


You could see Natasha, a white imp and a bat.

Vanquished Creatures
  Natasha (twice) (D:2)
  2 adders (D:2)
  2 oozes (D:2)
  2 worms (D:2)
  A dart slug (D:1)
  A leopard gecko (D:1)
  A ball python (D:2)
  14 goblins
  11 hobgoblins
  A jackal (D:1)
  7 kobolds
  A quokka (D:2)
  7 bats
  2 frilled lizards
  7 rats
61 creatures vanquished.

Notes
Turn   | Place    | Note
-------+----------+-------------------------------------------
     0 | D:1      | GsBirdie the Spriggan Enchanter began the quest for the Orb.
     0 | D:1      | Reached XP level 1. HP: 9/9 MP: 5/5
   341 | D:1      | Reached XP level 2. HP: 13/13 MP: 6/6
   345 | D:1      | Learned a level 2 spell: Ensorcelled Hibernation
   758 | D:2      | Noticed Natasha
  1006 | D:2      | Killed Natasha
  1006 | D:2      | Reached skill level 1 in Ice Magic
  1006 | D:2      | Reached XP level 3. HP: 16/16 MP: 5/8
  1462 | D:2      | Noticed Natasha
  1940 | D:2      | Learned a level 3 spell: Confuse
  1959 | D:2      | Reached XP level 4. HP: 21/21 MP: 5/9
  2752 | D:2      | Noticed Robin
  3373 | D:2      | Killed Natasha
  3850 | D:2      | Reached XP level 5. HP: 24/24 MP: 10/10
  3890 | D:3      | Noticed GsBirdie's ghost (amateur SpEn)
  3913 | D:3      | Found a bloodstained altar of Trog.
  4409 | D:2      | Noticed Natasha
  4453 | D:2      | Killed from afar by a white imp

Vault maps used:
D:1:      dpeg_arrival_line_fractal
D:2:      hangedman_decor_slide_cut, corexii_shack, uniq_natasha, uniq_robin
D:3:      nicolae_overflow_hidden_temple, nicolae_overflow_crystal_walls,
          old_standard_altar, first_bread

Skill      XL: |  1  2  3  4 |
---------------+-------------+-----
Short Blades   | 2 3 |  3.2
Ice Magic      | 1 2 |  2.5
Hexes          | 4 |  4.4
Dodging        | |  3.0
Stealth        | |  4.4
Spellcasting   | |  2.6

Action                   |  1- 3 |  4- 6 || total
-------------------------+-------+-------++-------
Melee: Dagger            |    94 |   171 ||   265
 Cast: Corona            |    20 |     7 ||    27
       Ensorcelled Hiber |    19 |    22 ||    41
       Confuse           |     1 |    15 ||    16
 Stab: Sleeping          |    15 |     9 ||    24
       Confused          |     1 |     6 ||     7
  Eat: Bread ration      |       |     1 ||     1
Armor: Robe              |    14 |    34 ||    48
Dodge: Dodged            |    79 |   135 ||   214
